General information
- name: BNet
- type: Ladder 1vs1/FFA
- host: Battle.net
- saver: BenTheUndead
map: TwistedMeadows
- players: 2
- length: 18:35
- speed: Fast
- version: 1.21 W3XP
- replay type: Public
» download(71 KB)
Players
team 1 (loser)
transfomer.ace (
purple | 110 APM | 2033 actions | 18:32)
4 Demon Hunter
2 Mana Burn
2 Evasion
4 Pandaren Brewmaster
2 Breath of Fire
2 Drunken Haze
2 Naga Sea Witch
1 Forked Lightning
1 Frost Arrows
» actions
| Assign group hotkey | 26 | |
| Basic commands | 81 | |
| Build / train | 105 | |
| Enter build submenu | 13 | |
| Enter hero's abilities submenu | 10 | |
| Give item / drop item | 1 | |
| Right click | 724 | |
| Select / deselect | 442 | |
| Select group hotkey | 500 | |
| Use ability | 131 | |
2033 total
» units
| Wisp | 23 | |
| Archer | 7 | |
| Dryad | 6 | |
| Druid of the Claw | 7 | |
43 total
» upgrades
| Abolish Magic | 1 | |
| Druid of the Claw Training | 2 | |
3 total
» buildings
| Altar of Elders | 1 | |
| Moon Well | 5 | |
| Ancient of War | 1 | |
| Tree of Ages | 5 | |
| Hunter's Hall | 1 | |
| Ancient of Wonders | 1 | |
| Ancient of Lore | 3 | |
| Ancient Protector | 1 | |
| Tree of Eternity | 5 | |
23 total
» build order
00:05 Altar of Elders
00:18 Moon Well
00:48 Ancient of War
01:22 Moon Well
02:45 Tree of Ages
02:45 Tree of Ages
02:45 Tree of Ages
02:46 Tree of Ages
03:03 Moon Well
03:36 Hunter's Hall
03:47 Ancient of Wonders
03:50 Moon Well
05:15 Ancient of Lore
05:43 Ancient of Lore
05:59 Moon Well
07:07 Ancient Protector
08:09 Tree of Eternity
08:10 Tree of Eternity
08:10 Tree of Eternity
08:10 Tree of Eternity
08:37 Ancient of Lore
» items
| Periapt of Vitality | 1 | |
| Potion of Healing | 4 | |
| Scroll of Town Portal | 1 | |
| Orb of Venom | 4 | |
| Potion of Mana | 3 | |
| Moonstone | 1 | |
14 total
team 2 (winner)
BenTheUndead (
teal | 100 APM | 1865 actions | 18:35)
7 Death Knight
3 Death Coil
3 Unholy Aura
1 Animate Dead
» actions
| Assign group hotkey | 21 | |
| Basic commands | 28 | |
| Build / train | 50 | |
| Enter build submenu | 19 | |
| Enter hero's abilities submenu | 7 | |
| Give item / drop item | 3 | |
| Right click | 977 | |
| Select / deselect | 453 | |
| Select group hotkey | 242 | |
| Use ability | 65 | |
1865 total
» units
| Acolyte | 3 | |
| Ghoul | 2 | |
| Crypt Fiend | 5 | |
| Gargoyle | 6 | |
| Obsidian Statue | 3 | |
| Abomination | 5 | |
| Frost Wyrm | 2 | |
| Necromancer | 2 | |
28 total
» upgrades
| Destroyer Form | 1 | |
| Disease Cloud | 1 | |
| Skeletal Mastery | 1 | |
3 total
» buildings
| Crypt | 1 | |
| Altar of Darkness | 1 | |
| Ziggurat | 6 | |
| Tomb of Relics | 1 | |
| Graveyard | 2 | |
| Halls of the Dead | 1 | |
| Nerubian Tower | 1 | |
| Slaughterhouse | 1 | |
| Black Citadel | 1 | |
| Sacrificial Pit | 1 | |
| Boneyard | 1 | |
| Temple of the Damned | 1 | |
18 total
» build order
00:05 Crypt
00:06 Altar of Darkness
00:23 Ziggurat
00:59 Tomb of Relics
02:23 Graveyard
02:26 Halls of the Dead
02:37 Graveyard
02:45 Nerubian Tower
03:12 Ziggurat
04:51 Slaughterhouse
05:04 Ziggurat
05:38 Black Citadel
06:52 Ziggurat
07:28 Sacrificial Pit
09:03 Boneyard
09:48 Ziggurat
11:12 Ziggurat
11:23 Temple of the Damned
» items
| Rod of Necromancy | 4 | |
| Orb of Corruption | 1 | |
| Potion of Mana | 2 | |
| Potion of Healing | 1 | |
8 total
Chat log
(00:09 / All) BenTheUndead: This ary has worked every time i have ben the undead.
(00:21 / All) transfomer.ace: gg
(08:06 / All) BenTheUndead: This ary has worked every time i have ben the undead.
(14:54 / All) BenTheUndead: My website to explain details is www.desugarcube.com
(14:57 / All) BenTheUndead: This ary has worked every time i have ben the undead.
(17:51 / All) BenTheUndead: This ary has worked every time i have ben the undead.